 Dungeon Crawl Stone Soup version 0.29-a0-362-g5854e031c7 (webtiles) character file.

Game seed: 9255748789150785648

527 spiderkeys the Skirmisher (level 7, -3/55 HPs)
             Began as a Mummy Abyssal Knight on Apr 30, 2022.
             Was a Priest of Lugonu.
             Killed from afar by Dowan (11 damage)
             ... with a shard of ice
             ... on level 4 of the Dungeon.
             The game lasted 00:04:04 (3544 turns).

spiderkeys the Skirmisher (Mummy Abyssal Knight)    Turns: 3544, Time: 00:04:05

Health: -3/55      AC:  6    Str: 17    XL:     7   Next: 3%
Magic:  5/12       EV: 12    Int: 11    God:    Lugonu [***...]
Gold:   172        SH:  0    Dex: 12    Spells: 13/13 levels left

rFire   . . .      SeeInvis .   a - +2 spear
rCold   + . .      Faith    .   (no shield)
rNeg    + + +      Spirit   .   x - +1 leather armour {rF+}
rPois   ∞          Reflect  .   m - +1 helmet
rElec   .          Harm     .   d - scarf {repulsion}
rCorr   .          Rampage  .   (no gloves)
Will    .....                   (no boots)
Stlth   +.........              f - amulet of magic regeneration
HPRegen 0.18/turn               (no ring)
MPRegen 0.53/turn               (no ring)

@: repel missiles
A: cold resistance 1, negative energy resistance 3, torment resistance 2, heat
vulnerability 1, in touch with death 1, no potions
a: Renounce Religion, Depart the Abyss, Bend Space, Banish


You were on level 4 of the Dungeon.
You worshipped Lugonu.
Lugonu was most pleased with you.
You visited 1 branch of the dungeon, and saw 4 of its levels.
You visited the Abyss 1 time.

You collected 172 gold pieces.


Innate Abilities, Weirdness & Mutations

You are immune to poison.
Your flesh is cold resistant. (rC+)
You are immune to negative energy. (rN+++)
You are immune to unholy pain and torment.
You are vulnerable to heat. (rF-)
You are in touch with the powers of death.
You do not drink.


   Skills:
 + Level 4.4 Fighting
 + Level 3.1 Polearms
 - Level 1.5 Armour
 + Level 2.6 Dodging
 + Level 3.6 Spellcasting
 + Level 3.3 Invocations


You had 13 spell levels left.
You didn't know any spells.
Your spell library was empty.

Inventory:

Hand Weapons
 a - a +2 spear (weapon)
Missiles
 c - 69 stones
 e - 2 javelins
 j - 6 boomerangs
 k - 2 poisoned darts
Armour
 b - a +0 leather armour
 d - a scarf of repulsion (worn)
   (You found it on level 1 of the Dungeon)
 g - a +0 leather armour
   (You found it on level 1 of the Dungeon)
 h - a +0 leather armour
   (You found it on level 1 of the Dungeon)
 l - a +0 ring mail
   (You found it on level 2 of the Dungeon)
 m - a +1 helmet (worn)
   (You found it on level 1 of the Dungeon)
 o - a +0 chain mail
   (You took it off an orc on level 3 of the Dungeon)
 p - a +0 robe
   (You took it off Jessica on level 2 of the Dungeon)
 r - a +0 leather armour
   (You took it off an orc on level 3 of the Dungeon)
 v - a +0 leather armour
   (You took it off an orc on level 4 of the Dungeon)
 w - a +0 leather armour
   (You took it off an orc priest on level 4 of the Dungeon)
 x - a +1 leather armour of fire resistance (worn)
   (You found it on level 4 of the Dungeon)
Jewellery
 f - an amulet of magic regeneration (around neck)
   (You found it on level 1 of the Dungeon)
Wands
 q - a wand of digging (6)
   (You took it off Jessica on level 2 of the Dungeon)
 t - a wand of acid (7)
   (You found it on level 4 of the Dungeon)
Scrolls
 i - a scroll of enchant weapon
 s - a scroll of fog
 u - a scroll of identify {@r1}
 y - a scroll of vulnerability {unknown}

Dungeon Overview and Level Annotations

Branches:
Dungeon (4/15)
 Temple: D:4-7

Altars:
Vehumet
Zin

Annotations:
D:4 Dowan
Abyss:1 Duvessa, Grinder

###### ##### #...####
#...#######......
###...†..........#.
###....##'#####......
##...##.#.⌠.⌠# ##....#
###..###..#....# ##..##
#...####..#.._.# .8..#
#######.###..§..#....# .....#
............#@§e#....#$.....#
#######.#####§#.#.._.#$.
#######.# #.S.#....##.#
........## ##...#
######...###..§.##+##
#..#......).......
#>######$#......## ...
#..######... .... #..## ##


You could see Dowan (fast, ally target) and a friendly adder (summoned).


Message History

Your adder barely misses the centaur.
Duvessa misses your kobold.
Your kobold hits the centaur with a +0 short sword.
Your kobold closely misses Duvessa. 😨 HP[+1]
You hit the centaur. The centaur hits you.
* * * LOW HITPOINT WARNING * * *
The centaur kicks you but does no damage.
Your adder bites the centaur.
The centaur dies!
Lugonu accepts your kill.
Duvessa hits your kobold with a +3 short sword of speed!
Your kobold dies!
Your kobold's corpse dissolves into shadows!
Your Dodging skill increases to level 2! 😨 HP[-1]
You take 1 damage, and now have 19/42 hp.
You hit Duvessa but do no damage. You punch Duvessa, but do no damage.
Your adder bites Duvessa but does no damage.
Your adder misses Duvessa.
Duvessa hits you with a +3 short sword of speed.
* * * LOW HITPOINT WARNING * * *
Your kobold closely misses Duvessa. 😨 HP[-4]
You take 4 damage, and now have 15/42 hp.
You closely miss Duvessa. Dowan closely misses your kobold.
Duvessa closely misses you.
Your adder bites Duvessa but does no damage.
Dowan barely misses your kobold.
Your kobold hits Duvessa but does no damage. 😨 MP[+1]
Your mp is fully restored (9).
Dowan barely misses your kobold.
Your adder barely misses Duvessa.
Dowan barely misses your kobold.
Press: ? - help, Shift-Dir - straight line, f - Duvessa
Aim: Duvessa, wielding a +3 short sword of speed and wearing a +0 leather armour (ally target, chance to affect: 66%)
You fail to use your ability.
Your adder bites Duvessa but does no damage.
Dowan points at you and mumbles some strange words.
The puff of frost misses your adder. The puff of frost misses you.
Duvessa hits you with a +3 short sword of speed!
* * * LOW HITPOINT WARNING * * *
Duvessa hits you with a +3 short sword of speed.
* * * LOW HITPOINT WARNING * * *
Your adder bites Duvessa.
Your kobold hits Duvessa with a +0 dagger.
Dowan casts a spell.
Dowan blinks! 😱 HP[-10]
You take 10 damage, and now have 5/42 hp.
MASSIVE DAMAGE!! (PAUSE)
Press: ? - help, Shift-Dir - straight line, f/p - Duvessa
Aim: Duvessa, wielding a +3 short sword of speed and wearing a +0 leather armour (lightly wounded, not watching you, ally target, chance to affect: 66%) Duvessa is devoured by a tear in reality.
Lugonu claims a new guest.
You hear a distant wail of despair.
Your kobold completely misses Grinder.
Your Fighting skill increases to level 4!
Your Spellcasting skill increases to level 3!
You have reached level 6! 😱 HP[+1] MP[-4]
You now have 48 max hp (+6).
You lost 4 mp, and now have 5/10 mp.
You can't drink.
Grinder hits your kobold.
Your kobold dies!
Your kobold's corpse dissolves into shadows!
Your adder completely misses Grinder. 😱 MP[+1]
Your adder closely misses Grinder.
Grinder gestures at you.
Your adder struggles to resist.
Your adder bites Grinder.
Your adder closely misses Grinder. 😱 HP[+1] MP[+1]
Press: ? - help, Shift-Dir - straight line, f - Grinder
Aim: Grinder (translocational energy, lightly wounded, ally target, chance to affect: 80%)
You fail to use your ability.
Dowan seems to find hidden reserves of power!
Grinder blinks! 😱 MP[+1]
Press: ? - help, Shift-Dir - straight line, f/p - Grinder
Aim: Grinder (lightly wounded, ally target, chance to affect: 80%)
You fail to use your ability.
Dowan mumbles some strange words.
Dowan blinks!
Press: ? - help, Shift-Dir - straight line, f/p - Grinder
Aim: Grinder (ally target, chance to affect: 80%) Grinder is devoured by a tear in reality.
Lugonu claims a new guest.
Dowan mumbles some strange words.
Dowan blinks!
Your Polearms skill increases to level 3!
Your Invocations skill increases to level 3!
You have reached level 7! 😱 HP[+1] MP[-3]
You now have 55 max hp (+7).
You lost 3 mp, and now have 5/12 mp.
Press: ? - help, Shift-Dir - straight line, f - Dowan
Aim: Dowan, wielding a +1 dagger of speed and wearing a +0 robe (fast, ally target, chance to affect: 81%)
You fail to use your ability.
Dowan casts a spell at you. The shard of ice hits you! You partially resist.
You die...

Skill      XL: |  1  2  3  4  5  6 |
---------------+-------------------+-----
Dodging        | 1 2 |  2.6
Spellcasting   | 1 2 3 |  3.6
Invocations    | 2 3 |  3.3
Polearms       | 2 3 |  3.1
Fighting       | 4 |  4.4
Armour         | |  1.5

Action                   |  1- 3 |  4- 6 |  7- 9 || total
-------------------------+-------+-------+-------++-------
Melee: Spear             |   137 |   106 |       ||   243
       Punch             |     1 |     1 |       ||     2
Invok: Banish            |       |     2 |       ||     2
  Use: Scroll            |     5 |     4 |       ||     9
 Stab: Sleeping          |     3 |       |       ||     3
Armor: Leather armour    |    24 |    27 |       ||    51
Dodge: Dodged            |    49 |    53 |       ||   102

Levels and vault maps discovered:
D:1:      ncdulo_watergridlock, layout_loops_cross
D:2:      layout_basic, uniq_jessica
D:3:      layout_loops_ring, shapermc_ecumenical_altar_totnotflames
D:4:      layout_rooms, jmf_multi_god_temple, uniq_grinder, uniq_duvessa

Notes
Turn   | Place    | Note
-------+----------+-------------------------------------------
     0 | Abyss:1  | spiderkeys the Mummy Abyssal Knight began the quest for the
                  | Orb.
     0 | Abyss:1  | Reached XP level 1. HP: 18/18 MP: 2/2
     0 | Abyss:1  | magus.rc [v1.11.3]
    60 | D:1      | You pass through the gate.
    60 | D:1      | Escaped the Abyss
   420 | D:1      | Reached skill level 1 in Dodging
   551 | D:1      | Reached XP level 2. HP: 13/24 MP: 3/3
  1118 | D:1      | Reached skill level 1 in Spellcasting
  1379 | D:2      | Reached *** piety under Lugonu
  1453 | D:2      | Reached skill level 2 in Invocations
  1453 | D:2      | Gained mutation: You are in touch with the powers of death.
                  | [Mummy growth]
  1453 | D:2      | Reached XP level 3. HP: 21/29 MP: 3/5
  1618 | D:2      | Reached skill level 2 in Polearms
  1938 | D:2      | Noticed Jessica
  1949 | D:2      | HP: 6/29 [Jessica/+3 club (4)]
  1950 | D:2      | Killed Jessica
  1951 | D:2      | Reached XP level 4. HP: 7/35 MP: 6/6
  2426 | D:3      | Reached skill level 2 in Spellcasting
  2486 | D:3      | Found a faded altar of an unknown god.
  3489 | D:4      | Found a radiant altar of Vehumet.
  3495 | D:4      | Reached XP level 5. HP: 42/42 MP: 8/8
  3521 | D:4      | Noticed a centaur
  3524 | D:4      | Noticed Duvessa
  3525 | D:4      | Noticed Dowan
  3529 | D:4      | Noticed Grinder
  3532 | D:4      | Killed a centaur
  3533 | D:4      | Reached skill level 2 in Dodging
  3536 | D:4      | HP: 8/42 [Duvessa/+3 short sword of speed (7)]
  3537 | D:4      | Banished Duvessa
  3538 | D:4      | Reached skill level 4 in Fighting
  3538 | D:4      | Reached skill level 3 in Spellcasting
  3538 | D:4      | Reached XP level 6. HP: 6/48 MP: 5/10
  3543 | D:4      | Banished Grinder
  3544 | D:4      | Reached skill level 3 in Polearms
  3544 | D:4      | Reached skill level 3 in Invocations
  3544 | D:4      | Reached XP level 7. HP: 8/55 MP: 5/12
  3544 | D:4      | Killed from afar by Dowan

Vanquished Creatures
  An orc priest (D:4)
  Jessica (D:2)
  An adder (D:2)
  2 worms
  2 dart slugs
  5 orcs
  3 endoplasms
  4 giant cockroaches
  5 goblins
  11 hobgoblins
  3 quokkas
  6 bats
  4 frilled lizards
  3 kobolds
  5 rats
56 creatures vanquished.

Vanquished Creatures (collateral kills)
  A centaur (D:4)
1 creature vanquished.

Grand Total: 57 creatures vanquished

Table legend:
 A = Non-vault XP
 B = Vault XP
 C = Vault XP percentage of total XP
 D = Non-vault monster count
 E = Vault monster count
 F = Vault count percentage of total count
                 A         B        C        D         E       F
            +---------+---------+-------+---------+---------+-------
      Total |     273 |     481 |  63.8 |      56 |       3 |   5.1
            +---------+---------+-------+---------+---------+-------
        D:1 |      28 |       0 |   0.0 |      17 |       0 |   0.0
        D:2 |      36 |      37 |  50.7 |      13 |       1 |   7.1
        D:3 |      27 |       0 |   0.0 |      13 |       0 |   0.0
        D:4 |     182 |     444 |  70.9 |      13 |       2 |  13.3
            +---------+---------+-------+---------+---------+-------

Illustrated notes

Table legend:
 A = Kills in this place as a percentage of kills in entire the game.
 B = Kills by you in this place as a percentage of kills by you in the entire game.
 C = Kills by friends in this place as a percentage of kills by friends in the entire game.
 D = Other kills in this place as a percentage of other kills in the entire game.
 E = Experience gained in this place as a percentage of experience gained in the entire game.
 F = Experience gained in this place divided by the number of levels of this place that you have seen.
                   A       B       C       D       E      F
               +-------+-------+-------+-------+-------+----------------------
         Total | 100.0 | 100.0 | 100.0 | 100.0 | 100.0 | 150.8
       Dungeon | 100.0 | 100.0 | 100.0 | 100.0 | 100.0 | 188.5
               +-------+-------+-------+-------+-------+----------------------

Table legend: (Time is in decaauts)
 A = Elapsed time spent in this place.
 B = Non-inter-level travel time spent in this place.
 C = Inter-level travel time spent in this place.
 D = Time resting spent in this place.
 E = Time spent auto-exploring this place.
 F = Levels seen in this place.
 G = Mean time per level.
                   A        B        C        D        E       F      G
               +--------+--------+--------+--------+--------+-----+--------+
         Total |   3543 |   3468 |     75 |    105 |   2867 |   5 |  708.6 |
       Dungeon |   3483 |   3408 |     75 |    105 |   2812 |   4 |  870.8 |
         Abyss |     60 |     60 |      0 |      0 |     55 |   1 |   60.0 |
               +--------+--------+--------+--------+--------+-----+--------+

Top non-repeatable levels by time:
     D:1: 1205 daAuts
     D:2: 1031 daAuts
     D:3: 705 daAuts
     D:4: 541 daAuts
 Abyss:1: 60 daAuts
